 Dungeon Sprint DCSS version 0.17-a0-1450-g7e755d1 (webtiles) character file.

9254 pulse the Spear-Bearer (level 11, -7/101 HPs)
             Began as a Formicid Fighter on June 30, 2015.
             Was a High Priest of Okawaru.
             Mangled by an orc knight
             ... wielding a +0 great sword
              (10 damage)
             ... in the Dungeon (Sprint IX: "|||||||||||||||||||||||||||||").
             The game lasted 00:05:28 (2572 turns).

pulse the Spear-Bearer (Formicid Fighter)           Turns: 2572, Time: 00:05:29

Health: -7/101     AC: 20    Str: 25    XL:     11   Next: 71%
Magic:  13/13      EV: 12    Int: 10    God:    Okawaru [*****.]
Gold:   1281       SH: 13    Dex: 11    Spells: 0 memorised, 10 levels left

rFire  . . .     SeeInvis +     y - +1 spear of the Sea {venom, rElec MR+ Str-2 Int+3}
rCold  . . .     Clarity  .     a - +0 plate armour
rNeg   . . .     SustAt   .     c - +0 shield
rPois  .         Gourm    .     (helmet unavailable)
rElec  +         Spirit   .     (no cloak)
rCorr  .         Warding  .     r - +1 pair of gloves
rMut   .         Stasis   +     C - +0 pair of boots
MR     ++...                    (no amulet)
Stlth  ..........               u - +2 ring of evasion
                                t - +3 ring of strength

@: very resistant to hostile enchantments, extremely unstealthy
A: permanent stasis, dig shafts and tunnels, four strong arms, antennae 3
a: Dig, Heroism, Renounce Religion


You were in the Dungeon.
You worshipped Okawaru.
Okawaru was extremely pleased with you.
You were not hungry.

You visited 1 branch You collected 1281 gold pieces.

Inventory:

Hand weapons
 p - a +4 quarterstaff of speed
 y - the +1 spear of the Sea (weapon) {venom, rElec MR+ Str-2 Int+3}
   (Okawaru gifted it to you in the Dungeon)

   It poisons the flesh of those it strikes.
   It affects your strength (-2).
   It affects your intelligence (+3).
   It insulates you from electricity.
   It affects your resistance to hostile enchantments.
 D - a +0 trident of protection
Armour
 a - a +0 plate armour (worn)
 c - a +0 shield (worn)
 r - a +1 pair of gloves (worn)
 C - a +0 pair of boots (worn)
Jewellery
 t - a +3 ring of strength (left hand)
 u - a +2 ring of evasion (right hand)
Magical devices
 o - a wand of draining (3)
Scrolls
 e - a scroll of fear
 k - 3 scrolls of blinking
 m - 3 scrolls of remove curse
 n - 2 scrolls of amnesia
 v - 2 scrolls of fog
 w - a scroll of enchant armour
 x - a scroll of recharging
Potions
 b - a potion of agility
 d - a potion of might
 f - 7 potions of curing
 g - a potion of invisibility
 h - 4 potions of haste
 i - 4 potions of magic
 j - a potion of berserk rage
 l - 2 potions of heal wounds
Comestibles
 z - 40 fruits
 A - 12 bread rations
 B - 11 meat rations


   Skills:
 + Level 14.4 Fighting
 + Level 14.8 Polearms
 + Level 13.8 Armour
 - Level 6.5 Dodging
 + Level 5.4 Stealth
 + Level 13.7 Shields
 + Level 2.8 Evocations


You had 10 spell levels left.
You didn't know any spells.

Dungeon Overview and Level Annotations

Branches:
Dungeon (1/1)

Altars:
Cheibriados
Dithmenos
Elyvilon
Fedhas
Gozag
Kikubaaqudgha
Makhleb
Nemelex Xobeh
Okawaru
Qazlal
Ru
Sif Muna
Trog
Vehumet
Xom
Yredelemnul
Zin
The Shining One
Beogh
Jiyva
Lugonu

Shops:
D }?


Innate Abilities, Weirdness & Mutations

You are under a permanent stasis effect.
You can dig through walls and to a lower floor.
Your four strong arms can wield two-handed weapons with a shield.
You have a pair of large antennae on your head (SInv).


Message History

You are too injured to fight recklessly!
You are too injured to fight recklessly!
You are too injured to fight recklessly!
You barely miss the orc knight.
The orc knight is moderately wounded.
An orc warrior comes into view. It is wielding a mace.
The orc warrior shouts!
You hit the orc knight but do no damage.
The orc knight is moderately wounded.
The orc knight hits you with a great sword!!
* * * LOW HITPOINT WARNING * * *
You barely miss the orc knight.
The orc knight is moderately wounded.
You block the orc warrior's attack.
You puncture the orc knight!
The orc knight is moderately wounded.
The orc knight roars a battlecry!
The orc warrior goes into a battle-frenzy!
The orc knight hits you with a great sword!
You die... {{{{{{{{{{{{{{{ { { ▓▓▓▓▓▓▓▓▓▓▓▓▓▓▓▓▓▓▓▓▓▓▓▓ {{{{{

{ ∩o∩$ooo@).[.).....)))'..
▓▓▓▓▓▓▓▓▓▓▓▓▓▓▓▓▓▓▓▓▓▓▓▓▓▓▓▓▓▓▓▓▓
................)................
▓▓▓▓▓▓▓▓▓▓▓▓▓▓▓▓▓▓▓▓▓▓▓▓▓▓▓▓▓▓▓▓▓
[..'(...........†.........÷......
▓▓▓▓▓▓▓▓▓▓▓▓▓▓▓▓▓▓▓▓▓▓▓▓▓▓▓▓▓▓▓▓▓
.................................
▓▓▓▓▓▓▓▓▓▓▓▓▓▓▓▓▓▓▓▓▓▓▓▓▓▓▓▓▓▓▓▓▓
.)......)(...[)|..'______________


You could see 2 orc knights and 2 orc warriors.

Vanquished Creatures
  A death yak (D)
  4 orc knights (D)
  An ugly thing (D)
  Psyche (D)
  3 spiny frogs (D)
  A fire drake (D)
  A komodo dragon (D)
  5 polar bears (D)
  A troll (D)
  A deep elf mage (D)
  3 yaks (D)
  2 wolves (D)
  A basilisk (D)
  2 porcupines (D)
  3 black bears (D)
  3 water moccasins (D)
  2 centaurs (D)
  15 orc warriors (D)
  An ogre (D)
  A crocodile (D)
  A hound (D)
  An orc priest (D)
  A jelly (D)
  2 orc wizards (D)
  2 worker ants (D)
  A sheep (D)
  An adder skeleton (D)
  8 orcs (D)
  3 bats (D)
  3 goblins (D)
  2 kobolds (D)
  2 rats (D)
79 creatures vanquished.

Vanquished Creatures (others)
  A fungus (D)
1 creature vanquished.

Grand Total: 80 creatures vanquished

Notes
Turn   | Place    | Note
--------------------------------------------------------------
     0 | D        | pulse the Formicid Fighter began the quest for the Orb.
     0 | D        | Reached XP level 1. HP: 18/18 MP: 1/1
     9 | D        | Reached skill level 4 in Shields
    16 | D        | Reached XP level 2. HP: 22/25 MP: 2/2
    78 | D        | Noticed a centaur
    78 | D        | Noticed a hound
   114 | D        | Killed a hound
   114 | D        | Reached skill level 5 in Fighting
   114 | D        | Reached skill level 5 in Armour
   114 | D        | Reached skill level 1 in Dodging
   114 | D        | Reached skill level 5 in Shields
   114 | D        | Reached XP level 3. HP: 17/33 MP: 3/3
   126 | D        | Killed a centaur
   126 | D        | Reached skill level 6 in Fighting
   126 | D        | Reached XP level 4. HP: 7/41 MP: 4/4
   126 | D        | Reached XP level 5. HP: 8/47 MP: 5/5
   434 | D        | Found a glowing silver altar of Zin.
   434 | D        | Found a glowing golden altar of the Shining One.
   434 | D        | Found an ancient bone altar of Kikubaaqudgha.
   434 | D        | Found a basalt altar of Yredelemnul.
   434 | D        | Found a shimmering altar of Xom.
   434 | D        | Found a radiant altar of Vehumet.
   435 | D        | Found an iron altar of Okawaru.
   436 | D        | Found a burning altar of Makhleb.
   437 | D        | Found a deep blue altar of Sif Muna.
   438 | D        | Found a bloodstained altar of Trog.
   439 | D        | Found a sparkling altar of Nemelex Xobeh.
   440 | D        | Found a white marble altar of Elyvilon.
   441 | D        | Found a roughly hewn altar of Beogh.
   442 | D        | Found a viscous altar of Jiyva.
   443 | D        | Found a corrupted altar of Lugonu.
   445 | D        | Became a worshipper of Warmaster Okawaru
   447 | D        | Found a blossoming altar of Fedhas.
   448 | D        | Found a snail-covered altar of Cheibriados.
   449 | D        | Found a shadowy altar of Dithmenos.
   450 | D        | Found a stormy altar of Qazlal.
   451 | D        | Found an opulent altar of Gozag.
   452 | D        | Found a sacrificial altar of Ru.
   576 | D        | Noticed a jelly
   576 | D        | Noticed an ogre
   576 | D        | Noticed a centaur
   576 | D        | Noticed a yak
   583 | D        | Killed a yak
   583 | D        | Acquired Okawaru's first power
   583 | D        | Reached skill level 7 in Fighting
   583 | D        | Reached skill level 8 in Armour
   583 | D        | Reached skill level 1 in Stealth
   583 | D        | Reached XP level 6. HP: 30/55 MP: 6/6
   587 | D        | Killed a centaur
   587 | D        | Reached skill level 5 in Polearms
   589 | D        | Killed an ogre
   589 | D        | Reached skill level 9 in Armour
   589 | D        | Reached XP level 7. HP: 35/63 MP: 7/7
   593 | D        | Killed a jelly
   759 | D        | Noticed a worker ant
   759 | D        | Noticed a troll
   759 | D        | Noticed a worker ant
   759 | D        | Noticed a cyan ugly thing
   759 | D        | Noticed a deep elf mage
   763 | D        | Killed a cyan ugly thing
   763 | D        | Reached skill level 10 in Armour
   763 | D        | Reached skill level 5 in Dodging
   763 | D        | Reached XP level 8. HP: 47/71 MP: 8/8
   767 | D        | Killed a deep elf mage
   770 | D        | Killed a worker ant
   779 | D        | Killed a troll
   780 | D        | Killed a worker ant
  1047 | D        | Noticed a yak
  1047 | D        | Noticed a spiny frog
  1047 | D        | Noticed a spiny frog
  1047 | D        | Noticed a water moccasin
  1047 | D        | Noticed a porcupine
  1047 | D        | Noticed a crocodile
  1050 | D        | Killed a crocodile
  1050 | D        | Reached skill level 10 in Fighting
  1050 | D        | Reached skill level 11 in Armour
  1051 | D        | Noticed a wolf
  1054 | D        | Killed a porcupine
  1054 | D        | Reached skill level 10 in Shields
  1054 | D        | Reached XP level 9. HP: 52/78 MP: 9/9
  1061 | D        | Killed a water moccasin
  1069 | D        | Killed a spiny frog
  1071 | D        | Noticed a fire drake
  1075 | D        | Killed a spiny frog
  1080 | D        | Killed a yak
  1080 | D        | Reached skill level 10 in Polearms
  1088 | D        | Killed a wolf
  1088 | D        | Reached skill level 12 in Armour
  1097 | D        | Killed a fire drake
  1323 | D        | Noticed a komodo dragon
  1323 | D        | Noticed a water moccasin
  1323 | D        | Noticed a yak
  1323 | D        | Noticed a basilisk
  1323 | D        | Noticed a wolf
  1323 | D        | Noticed a spiny frog
  1328 | D        | Noticed a water moccasin
  1330 | D        | Killed a spiny frog
  1330 | D        | Reached XP level 10. HP: 73/89 MP: 10/10
  1333 | D        | Killed a wolf
  1333 | D        | Reached skill level 5 in Stealth
  1335 | D        | Killed a basilisk
  1336 | D        | Noticed a porcupine
  1350 | D        | Killed a yak
  1358 | D        | Killed a water moccasin
  1360 | D        | Killed a komodo dragon
  1365 | D        | Killed a water moccasin
  1367 | D        | Killed a porcupine
  1428 | D        | Noticed a death yak
  1435 | D        | Killed a death yak
  1435 | D        | Acquired Okawaru's second power
  1435 | D        | Reached skill level 1 in Evocations
  1589 | D        | Noticed a black bear
  1589 | D        | Noticed a polar bear
  1589 | D        | Noticed a polar bear
  1589 | D        | Noticed a black bear
  1589 | D        | Noticed a black bear
  1589 | D        | Noticed a polar bear
  1590 | D        | Noticed a polar bear
  1593 | D        | Killed a polar bear
  1595 | D        | Killed a black bear
  1595 | D        | Reached skill level 13 in Fighting
  1597 | D        | Noticed a polar bear
  1601 | D        | Killed a polar bear
  1609 | D        | Killed a polar bear
  1609 | D        | Received a gift from Okawaru
  1612 | D        | Killed a polar bear
  1614 | D        | Killed a polar bear
  1614 | D        | Reached XP level 11. HP: 53/98 MP: 12/12
  1615 | D        | Killed a black bear
  1620 | D        | Killed a black bear
  1623 | D        | Got a smoking spear {god gift}
  1624 | D        | Identified the +1 spear of the Sea {venom, rElec MR+ Str-2 Int+3} (Okawaru gifted it to you in the Dungeon)
  1843 | D        | Noticed Psyche
  1855 | D        | Killed Psyche
  1913 | D        | Noticed an orc warrior
  1913 | D        | Noticed an orc warrior
  1913 | D        | Noticed an orc wizard
  1913 | D        | Noticed an orc knight
  1918 | D        | Killed an orc wizard
  1942 | D        | Killed an orc knight
  1947 | D        | Killed an orc warrior
  1958 | D        | Killed an orc warrior
  2007 | D        | Noticed an orc wizard
  2009 | D        | Noticed an orc priest
  2012 | D        | Killed an orc wizard
  2018 | D        | Killed an orc priest
  2103 | D        | Noticed an orc warrior
  2103 | D        | Noticed an orc warrior
  2103 | D        | Noticed an orc warrior
  2103 | D        | Noticed an orc warrior
  2103 | D        | Noticed an orc warrior
  2104 | D        | Noticed an orc warrior
  2109 | D        | Noticed an orc warrior
  2110 | D        | Killed an orc warrior
  2121 | D        | Killed an orc warrior
  2121 | D        | Reached skill level 14 in Polearms
  2124 | D        | Killed an orc warrior
  2128 | D        | Noticed an orc warrior
  2131 | D        | Noticed an orc warrior
  2137 | D        | Killed an orc warrior
  2140 | D        | Noticed an orc warrior
  2146 | D        | Killed an orc warrior
  2158 | D        | Killed an orc warrior
  2163 | D        | Killed an orc warrior
  2176 | D        | Killed an orc warrior
  2188 | D        | Killed an orc warrior
  2195 | D        | Killed an orc warrior
  2212 | D        | Noticed an orc warrior
  2226 | D        | Killed an orc warrior
  2483 | D        | Found Vixeneh's Magic Scroll Boutique.
  2483 | D        | Noticed an orc warrior
  2483 | D        | Noticed an orc knight
  2483 | D        | Noticed an orc warrior
  2483 | D        | Noticed an orc knight
  2483 | D        | Noticed an orc warrior
  2484 | D        | Noticed an orc knight
  2486 | D        | Noticed an orc knight
  2504 | D        | Killed an orc knight
  2513 | D        | Noticed an orc knight
  2529 | D        | Killed an orc knight
  2529 | D        | Received a gift from Okawaru
  2546 | D        | Killed an orc knight
  2562 | D        | Killed an orc warrior
  2563 | D        | Killed an orc warrior
  2564 | D        | Found Ymuhil's Gadget Shop.
  2570 | D        | Noticed an orc warrior
  2570 | D        | HP: 2/101 [orc knight/great sword (26)]
  2572 | D        | Mangled by an orc knight

Vault maps used:
D:        linesprint

Action                   |  1- 3 |  4- 6 |  7- 9 | 10-12 || total
-------------------------+-------+-------+-------+-------++-------
Melee: Trident           |    57 |     3 |       |       ||    60
       Halberd           |       |    13 |    81 |    64 ||   158
       Spear             |       |       |       |   275 ||   275
Evoke: Wand              |       |       |     1 |     3 ||     4
  Use: Potion            |     1 |       |     1 |     1 ||     3
       Scroll            |       |       |     1 |       ||     1
  Eat: Bread ration      |       |       |     1 |       ||     1
       Meat ration       |       |       |       |     1 ||     1
